 Dungeon Crawl Stone Soup version 0.20.0-10-g0535bb4 (webtiles) character file.

513559 Kriby the Invulnerable (level 25, -1/196 HPs)
             Began as a Hill Orc Fighter on June 3, 2017.
             Was the Champion of Hepliaklqana.
             Killed from afar by a starcursed mass (8 damage)
             ... with an accursed screaming
             ... while paralysed by accursed screaming
             ... on level 3 of the Abyss on June 5, 2017.
             The game lasted 01:59:50 (65891 turns).

Kriby the Invulnerable (Hill Orc Fighter)          Turns: 65891, Time: 01:59:51

Health: -1/196     AC: 45    Str: 39    XL:     25   Next: 14%
Magic:  23/23      EV:  2    Int: 10    God:    Hepliaklqana [******]
Gold:   762        SH:  0    Dex: 10    Spells: 24/24 levels left

rFire    + + .     SeeInvis +   g - +0 battleaxe (holy)
rCold    + . .     Gourm    +   (shield currently unavailable)
rNeg     . . .     Faith    .   L - +13 crystal plate armour of Inviolability {+Fly Int+2 SInv}
rPois    +         Spirit   .   T - +0 helmet
rElec    .         Reflect  .   s - scarf {rC+ rF+}
rCorr    .         Harm     .   k - +0 pair of gloves
MR       +....     Clarity  +   I - +2 pair of boots
Stlth    ..........             Q - amulet "Vusmubif" {Gourm Fragile +Fly Str+10 Slay+6}
Regen    0.5/turn               S - ring of protection from fire
MPRegen  0.2/turn               G - ring of poison resistance

@: paralysed, about to teleport, drained
A: reduced essence, clarity, deformed body, frail 1, mutation resistance 1, weak
1
}: 3/15 runes: decaying, serpentine, silver
a: Recall Ancestor, Ancestor Identity, Transference, Idealise, Renounce
Religion, Evoke Flight


You were on level 3 of the Abyss.
You worshipped Hepliaklqana.
Hepliaklqana was exalted by your worship.
You were not hungry.

You visited 9 branches of the dungeon, and saw 39 of its levels.
You visited the Abyss 2 times.
You visited 1 bazaar.
You also visited: Ice Cave.

You collected 5763 gold pieces.
You spent 5001 gold pieces at shops.

Inventory:

Hand Weapons
 a - the +3 battleaxe of Overwhelming Force {freeze, MR+}
   (You bought it in a shop in a bazaar)

   It has been specially enchanted to freeze those struck by it, causing extra
   injury to most foes and up to half again as much damage against particularly
   susceptible opponents.
   It can also slow down cold-blooded creatures.
   It affects your resistance to hostile enchantments.
 g - a +0 battleaxe of holy wrath (weapon)
 p - a +4 battleaxe of electrocution
 r - a +0 sacred scourge of holy wrath
 B - a +1 sacred scourge of holy wrath
Armour
 k - a +0 pair of gloves (worn)
 s - a scarf of resistance (worn)
 I - a +2 pair of boots (worn)
 L - the +13 crystal plate armour of Inviolability (worn) {+Fly Int+2 SInv}
   (You bought it in a shop on level 2 of the Orcish Mines)

   It affects your intelligence (+2).
   It lets you see invisible.
   It lets you fly.
 T - a +0 helmet (worn)
Jewellery
 d - an uncursed ring of protection from magic
 E - an uncursed amulet of regeneration
 G - a ring of poison resistance (right hand)
 Q - the amulet "Vusmubif" (around neck) {Gourm Fragile +Fly Str+10 Slay+6}
   (You found it on level 1 of the Depths)

   [amulet of the gourmand]

   It allows you to eat raw meat even when not hungry.
   It affects your strength (+10).
   It affects your accuracy and damage with ranged weapons and melee attacks
   (+6).
   It lets you fly.
   It will be destroyed if unequipped.
 S - a ring of protection from fire (left hand)
 V - the ring of Pupuolod {Int+2 Dex+5 Stlth+}
   (You found it on level 5 of the Lair of Beasts)

   [ring of stealth]

   It affects your intelligence (+2).
   It affects your dexterity (+5).
   It makes you more stealthy.
 X - an uncursed ring of positive energy
Wands
 c - a wand of lightning (3/15)
 o - a wand of digging (8/24)
 x - a wand of digging (6/24)
 y - a wand of digging (11/24)
 C - a wand of flame (19/48)
 Y - a wand of scattershot (3/9)
Scrolls
 e - a scroll of fear
 h - 12 scrolls of identify
 j - 7 scrolls of recharging
 m - 8 scrolls of enchant weapon
 t - 21 scrolls of remove curse
 w - 9 scrolls of teleportation
 A - 2 scrolls of amnesia
 F - 9 scrolls of enchant armour
 H - 3 scrolls of holy word
 K - a scroll of magic mapping
 R - 5 scrolls of fog
 Z - 5 scrolls of blinking
Potions
 i - 3 potions of haste
 n - 2 potions of invisibility
 q - a potion of resistance
 z - 4 potions of heal wounds
 D - 3 potions of magic
 J - a potion of agility
 M - a potion of might
 N - a potion of ambrosia
 O - 9 potions of curing
 P - 4 potions of flight
 U - 3 potions of mutation
 W - a potion of brilliance
Miscellaneous
 b - a phantom mirror
Comestibles
 f - 20 bread rations
 l - 24 fruits
 u - 15 meat rations
 v - 25 royal jellies


   Skills:
 + Level 24.3(23.9) Fighting
 - Level 20.0(19.7) Axes
 O Level 27(26.6) Armour
 * Level 17.2(16.9) Dodging
   Level 4.1(3.9) Shields


You had 24 spell levels left.
You didn't know any spells.

Dungeon Overview and Level Annotations

Branches:
Dungeon (15/15)            Temple (1/1) D:7            Lair (6/6) D:8
  Swamp (4/4) Lair:4        Snake (4/4) Lair:2        Slime (0/5) Lair:5
    Orc (2/2) D:12            Elf (1/3) Orc:2        Vaults (5/5) D:13
  Crypt (0/3) Vaults:2     Depths (1/5) D:15

Altars:
Ashenzari
Cheibriados
Dithmenos
Elyvilon
Fedhas
Gozag
Hepliaklqana
Kikubaaqudgha
Makhleb
Nemelex Xobeh
Okawaru
Qazlal
Ru
Sif Muna
Trog
Uskayaw
Vehumet
Xom
Yredelemnul
Zin
The Shining One
Beogh
Jiyva

Shops:
D:4 !(?*   D:5 }   D:14 ((!:   Orc:2 }((*=   Elf:1 %*%*   Snake:2 :   Snake:3 (
Snake:4 }   Vaults:1 [*

Portals:
Hell: Depths:1
Abyss: Depths:1
Trove: Vaults:3 (show abyssal rune of Zot)

Annotations:
D:10 exclusion: downstairs


Innate Abilities, Weirdness & Mutations

Your life essence is reduced. (-10% HP)
You possess an exceptional clarity of mind.
Armour fits poorly on your strangely shaped body.
You are frail. (-10% HP)
You are somewhat resistant to further mutation.
You are weak. (Str -2)


Message History

The starcursed mass is lightly damaged.
You slice the tentacled starspawn!!
The starcursed mass shudders and is absorbed by its neighbour.
You slash the tentacled starspawn!
The tentacled starspawn barely misses you.
The tentacled starspawn engulfs you but does no damage.
The tentacled starspawn bites you!
* * * LOW HITPOINT WARNING * * *
The tentacled starspawn misses you.
A starcursed mass splits.
A deafening chorus of shrieks assaults your mind!
* * * LOW HITPOINT WARNING * * *
You suddenly lose the ability to move!
The snapping turtle skeleton bites you from afar!
* * * LOW HITPOINT WARNING * * *
Tentacles burst from the starspawn's body!
The tentacled starspawn bites you but does no damage.
The tentacled starspawn engulfs you.
* * * LOW HITPOINT WARNING * * *
A deafening chorus of shrieks assaults your mind!
You die... ##. . .# .. . .#3 .# #. .># ... # XX# . .... .##XX# # #..##XX.##.. #ZXXXw_l

. .
#.@w##
. .
#.#h#.#
. # #†#
.# #
#.#
.†.#
### #
..# #
#># # .
.. .


You could see 7 starcursed masses, 2 tentacled starspawn, a raiju, a basilisk
(wandering), a neqoxec, 2 starspawn tentacles and a snapping turtle skeleton.

Vanquished Creatures
  Mara (Vaults:2)
  Mennas (Vaults:2)
  2 ancient liches (Vaults:5)
  Bai Suzhen (Swamp:3)
  A golden dragon (shapeshifter) (Vaults:5)
  A golden dragon (Vaults:5)
  A bone dragon (Abyss:3)
  3 tentacled monstrosities
  Asterion (Vaults:1)
  5 titans
  2 quicksilver dragons
  A lich (Abyss:3)
  2 Executioners
  3 sphinxes
  10 tentacled starspawn
  A thorn hunter (Swamp:3)
  4 tengu reavers
  4 shadow dragons (Vaults:5)
  A revenant (Abyss:3)
  4 fire giants
  Aizul (Snake:1)
  7 frost giants
  6 nagarajas
  15 vault wardens
  3 deep elf sorcerers
  Louise (Swamp:1)
  A balrug (Abyss:3)
  An iron dragon (Vaults:5)
  2 cacodemons (Abyss:3)
  A deep elf elementalist (Vaults:5)
  An entropy weaver (Vaults:4)
  A reaper (Depths:1)
  An angel (Abyss:3)
  15 ironheart preservers
  3 war gargoyles
  5 very ugly things
  13 stone giants
  2 deep elf demonologists
  A lorocyproca (Abyss:3)
  3 green deaths
  4 fire dragons
  6 ettins
  15 ogre magi
  3 deep elf death magi (Vaults:4)
  3 deep elf high priests
  2 great orbs of eyes
  5 ice dragons
  8 yaktaur captains
  27 vault guards
  24 naga warriors
  17 hydras
  A hydra (shapeshifter) (Vaults:4)
  A ghost crab (Swamp:3)
  A catoblepas (Lair:6)
  9 anacondas
  18 centaur warriors
  2 death knights
  A two-headed ogre (shapeshifter) (Vaults:4)
  A deep troll shaman (Vaults:4)
  7 alligators
  2 dancing weapons (Elf:1)
  8 death yaks
  47 two-headed ogres
  3 deep troll earth magi
  6 tengu warriors
  A hell hog (Abyss:3)
  15 naga sharpshooters
  12 thrashing horrors
  An orc high priest (Orc:2)
  3 shock serpents
  8 deep elf knights
  A skeletal warrior (D:13)
  A storm dragon zombie (Vaults:3)
  7 wretched stars
  3 sun demons (Abyss:3)
  2 salamander mystics (Snake:3)
  4 sixfirhies
  4 shadow wraiths
  3 unseen horrors
  8 naga ritualists
  A glowing orange brain (shapeshifter) (Vaults:5)
  3 sea snakes (Snake:2)
  5 glowing orange brains
  An orange crystal statue (Depths:1)
  3 flayed ghosts
  2 spriggan druids
  A shambling mangrove (Swamp:4)
  A death drake (shapeshifter) (Vaults:4)
  15 deep trolls
  16 orc knights
  11 swamp dragons
  A harpy (shapeshifter) (Vaults:5)
  10 harpies
  A wolf spider zombie (D:14)
  16 ironbrand convokers
  5 wizards
  3 phantasmal warriors
  A necromancer (Vaults:3)
  8 deep elf archers
  38 ugly things
  31 deep elf magi
  10 wolf spiders
  15 mana vipers
  2 worldbinders (Abyss:3)
  8 orc sorcerers
  A manticore (shapeshifter) (Vaults:5)
  2 manticores (D:15)
  An orb spider (shapeshifter) (Vaults:3)
  17 salamanders
  7 cyclopes
  18 large abominations
  7 centaur zombies
  15 vault sentinels
  An apocalypse crab (Abyss:3)
  A frost giant skeleton (Abyss:3)
  7 guardian serpents
  4 elephants (Lair:6)
  A human skeleton (Vaults:3)
  Joseph (D:7)
  22 naga magi
  A gargoyle (D:15)
  2 guardian serpents (shapeshifter)
  42 black mambas
  2 ice statues (IceCv)
  5 orange demons
  7 smoke demons
  15 spiny frogs
  A kobold demonologist (D:11)
  2 rime drakes
  47 yaktaurs
  8 komodo dragons
  5 freezing wraiths
  An efreet (D:15)
  A dire elephant skeleton (Abyss:4)
  3 ancient zymes (Abyss:3)
  An ice devil (Abyss:3)
  3 tengu conjurers
  2 tormentors
  A redback zombie (D:14)
  20 polar bears
  A harpy zombie (D:15)
  A red devil (Abyss:3)
  2 polar bears (shapeshifter)
  7 trolls
  A hornet (shapeshifter) (Vaults:4)
  12 hornets
  4 tyrant leeches
  Prince Ribbit (D:7)
  35 slime creatures
  A stone giant simulacrum (Vaults:3)
  12 blink frogs
  10 raiju (Abyss:3)
  A hippogriff (shapeshifter) (D:15)
  12 bog bodies
  13 hippogriffs
  A meliai zombie (D:15)
  8 dream sheep
  A hexer (Swamp:4)
  4 redbacks (Vaults:4)
  15 starcursed masses
  8 shadows
  3 wyverns
  12 spriggans
  A spriggan (shapeshifter) (Vaults:4)
  A basilisk (shapeshifter) (Vaults:3)
  Eustachio (D:5)
  A vampire (D:15)
  A yak (shapeshifter) (Vaults:2)
  3 water elementals
  5 ynoxinuls
  A fire elemental (Abyss:3)
  7 basilisks
  40 yaks
  3 neqoxecs
  5 wraiths
  27 vampire mosquitoes
  A yaktaur simulacrum (Vaults:3)
  6 hungry ghosts
  Menkaure (D:7)
  A chaos spawn (Abyss:1)
  5 soldier ants
  6 insubstantial wisps
  A deep troll zombie (Vaults:3)
  20 swamp worms
  A spatial vortex (Abyss:3)
  8 wargs
  74 nagas
  3 acid dragons
  9 water moccasins
  A hell hound (D:8)
  7 porcupines
  7 swamp drakes
  A hornet zombie (D:13)
  42 orc warriors
  2 ice beasts
  5 sky beasts
  35 wolves
  5 eyes of draining
  3 black bears
  11 boggarts
  38 ogres
  2 phantoms
  16 centaurs
  A necrophage (D:13)
  19 crocodiles
  14 bullfrogs
  A big kobold (D:14)
  14 small abominations
  An earth elemental (Elf:1)
  A glowing shapeshifter simulacrum (Vaults:3)
  A wyvern zombie (D:14)
  7 scorpions
  4 killer bees (D:11)
  9 wights
  4 electric eels
  4 howler monkeys
  5 crimson imps
  2 bullfrog zombies (D:8)
  3 jellies
  2 quasits
  3 hounds
  9 centaur skeletons
  35 orc priests
  An iron imp (Abyss:3)
  A hell rat (Depths:1)
  8 iguanas
  36 orc wizards
  15 worker ants
  A worker ant zombie (D:11)
  4 gnolls (D:8)
  13 adders
  A shadow imp (D:5)
  2 ufetubi (Abyss:3)
  An ooze (D:3)
  An adder zombie (D:5)
  An adder skeleton (D:10)
  A worm (D:6)
  A dart slug (D:2)
  4 leopard geckos
  111 orcs
  7 bats
  9 giant cockroaches
  9 goblins
  11 hobgoblins
  6 jackals
  16 kobolds
  2 quokkas
  3 ball pythons
  4 frilled lizards
  A leopard gecko skeleton (D:6)
  2 quokka skeletons
  A quokka zombie (D:9)
  6 rats
  7 briar patches (Swamp:3)
  5 fungi
  2 plants
  14 starspawn tentacles
1926 creatures vanquished.

Vanquished Creatures (collateral kills)
  Jorgrun (Vaults:1)
  A titan (Vaults:5)
  A shadow dragon (Vaults:4)
  A storm dragon (Vaults:4)
  Roxanne (D:14)
  3 nagarajas (Snake:4)
  An orc warlord (Vaults:5)
  A draconian scorcher (Abyss:3)
  A vault warden (Vaults:1)
  2 ironheart preservers (Vaults:4)
  A very ugly thing (Swamp:4)
  A stone giant (Vaults:2)
  A deep elf death mage (Vaults:4)
  3 yaktaur captains
  An ogre mage (Vaults:4)
  3 hydras
  A naga warrior (Snake:4)
  3 vault guards (Vaults:4)
  A dancing weapon (Elf:1)
  5 two-headed ogres
  3 alligators
  A hell hog (Abyss:3)
  A tengu warrior (D:15)
  2 thrashing horrors (Abyss:4)
  A naga sharpshooter (Snake:2)
  A shock serpent (Snake:4)
  A deep elf knight (Elf:1)
  A wretched star (Abyss:4)
  A salamander mystic (Snake:4)
  A spatial maelstrom (Abyss:3)
  An unseen horror (D:10)
  A deep elf archer (Vaults:5)
  A swamp dragon (Swamp:3)
  2 orc knights
  A lindwurm (Lair:3)
  3 mana vipers
  A harpy (Vaults:5)
  2 ironbrand convokers (Vaults:4)
  A wolf spider (Vaults:1)
  An orb spider (Abyss:3)
  3 ugly things
  5 deep elf magi
  2 cyclopes
  2 large abominations (Abyss:3)
  4 black mambas
  A smoke demon (Abyss:3)
  4 naga magi
  2 vault sentinels
  A centaur skeleton (D:15)
  4 spiny frogs
  A rime drake (Lair:4)
  A freezing wraith (Vaults:1)
  2 yaktaurs
  An ancient zyme (Abyss:3)
  A tengu conjurer (D:15)
  A polar bear (IceCv)
  A hornet (Lair:6)
  2 bog bodies
  A tyrant leech (Swamp:2)
  A blink frog (Lair:2)
  2 hippogriffs (D:8)
  4 raiju (Abyss:3)
  A slime creature (Vaults:1)
  A spriggan (Lair:6)
  A shadow (D:15)
  5 yaks
  2 basilisks
  A fire elemental (Elf:1)
  8 nagas
  4 swamp worms
  A warg (D:12)
  2 water moccasins
  3 insubstantial wisps (Swamp:1)
  A hell hound (D:8)
  A small abomination (Abyss:3)
  A swamp drake (Swamp:4)
  3 orc warriors
  An ice beast (D:15)
  A sky beast (D:11)
  A black bear (Lair:6)
  3 wolves (Lair:6)
  3 ogres
  2 boggarts (Lair:6)
  2 centaurs
  6 crocodiles
  A big kobold (D:13)
  2 bullfrogs
  A gnoll sergeant (D:8)
  A killer bee (D:10)
  2 electric eels
  A crimson imp (D:8)
  An orc priest (D:8)
  3 orc wizards (Orc:2)
  2 iguanas
  A worker ant zombie (D:8)
  An adder (D:10)
  A gnoll (D:8)
  An ufetubus (Abyss:3)
  13 orcs
  3 kobolds (D:13)
194 creatures vanquished.

Vanquished Creatures (others)
  A golden dragon (Vaults:5)
  A vault warden (Vaults:5)
  A two-headed ogre (D:12)
  An unseen horror (D:15)
  A phantasmal warrior (Vaults:5)
  An ironbrand convoker (Vaults:5)
  A deep elf mage (Vaults:5)
  An orc wizard (Vaults:1)
  2 ancestors
  41 hexers
  2 orcs
  A briar patch (Swamp:3)
  10 fungi
  2 lurking horrors (Abyss:3)
  7 plants
  11 starspawn tentacles
84 creatures vanquished.

Grand Total: 2204 creatures vanquished

Notes
Turn   | Place    | Note
-------+----------+-------------------------------------------
     0 | D:1      | Kriby the Hill Orc Fighter began the quest for the Orb.
     0 | D:1      | Reached XP level 1. HP: 19/19 MP: 1/1
   190 | D:1      | Reached XP level 2. HP: 27/27 MP: 2/2
  1031 | D:2      | Reached XP level 3. HP: 33/33 MP: 3/3
  1175 | D:2      | Found a bloodstained altar of Trog.
  1700 | D:2      | Reached XP level 4. HP: 34/41 MP: 4/4
  2492 | D:3      | Reached skill level 4 in Armour
  2492 | D:3      | Reached XP level 5. HP: 42/47 MP: 5/5
  2655 | D:3      | Reached skill level 5 in Fighting
  2937 | D:3      | Reached skill level 5 in Axes
  3175 | D:3      | Found an iron altar of Okawaru.
  3312 | D:4      | Reached XP level 6. HP: 56/56 MP: 6/6
  3425 | D:4      | Noticed an air elemental
  3427 | D:4      | Found a stormy altar of Qazlal.
  3428 | D:4      | Noticed a fire elemental
  3428 | D:4      | Noticed a water elemental
  3882 | D:4      | Found Notrom's Magic Scroll Shoppe.
  3883 | D:4      | Found Cann's Assorted Antiques.
  3884 | D:4      | Found Kukaapez's Distillery.
  3888 | D:4      | Reached XP level 7. HP: 62/62 MP: 7/7
  3892 | D:4      | Found Teluajut's Antique Weapon Shoppe.
  3894 | D:4      | Bought a scroll of blinking for 90 gold pieces
  4280 | D:5      | Entered Level 5 of the Dungeon
  4365 | D:5      | Noticed Eustachio
  4415 | D:5      | Killed Eustachio
  4451 | D:5      | Reached XP level 8. HP: 9/71 MP: 8/8
  5364 | D:5      | Found Neaji's Gadget Shoppe.
  5885 | D:4      | Bought a potion of heal wounds for 65 gold pieces
  6353 | D:6      | Reached skill level 10 in Axes
  6970 | D:6      | Reached XP level 9. HP: 24/82 MP: 9/9
  7561 | D:7      | Noticed Prince Ribbit
  7568 | D:7      | Noticed Menkaure
  7581 | D:7      | Killed Menkaure
  7860 | D:7      | Killed Prince Ribbit
  8154 | D:7      | Found a staircase to the Ecumenical Temple.
  8250 | Temple   | Entered the Ecumenical Temple
  8273 | Temple   | Became a worshipper of Hepliaklqana the Forgotten
  8326 | D:7      | Noticed Joseph
  8341 | D:7      | Killed Joseph
  8939 | D:8      | Found a staircase to the Lair.
  8985 | D:8      | Found a bloodstained altar of Trog.
  8994 | D:8      | Found a glowing silver altar of Zin.
  9220 | D:8      | Gained mutation: You are covered in fur. (AC +1) [mutagenic meat]
  9293 | D:8      | Reached skill level 10 in Fighting
  9293 | D:8      | Reached XP level 10. HP: 78/83 MP: 10/10
  9390 | D:8      | Found a basalt altar of Yredelemnul.
  9630 | D:8      | Noticed a two-headed ogre
  9640 | D:8      | Killed a two-headed ogre
  9966 | D:8      | Noticed a two-headed ogre
  9975 | D:8      | Killed a two-headed ogre
  9975 | D:8      | Reached skill level 15 in Axes
 10499 | D:4      | Bought a runed cloak for 210 gold pieces
 10515 | D:4      | Bought a scroll of blinking for 90 gold pieces
 10686 | D:9      | Reached * piety under Hepliaklqana
 11134 | D:9      | Noticed a two-headed ogre
 11495 | D:9      | Killed a two-headed ogre
 11651 | D:9      | Reached XP level 11. HP: 78/91 MP: 11/11
 11886 | D:9      | Reached ** piety under Hepliaklqana
 11887 | D:9      | Remembered your ancestor Achara as a hexer
 11939 | D:10     | Entered Level 10 of the Dungeon
 12268 | D:10     | Got a faintly glowing cloak
 12269 | D:10     | Identified the +0 cloak of Otsyxuat {*Contam rC++ Int+3 SInv} (You found it on level 10 of the Dungeon)
 12747 | D:10     | Reached skill level 1 in Dodging
 12751 | D:10     | Paralysed by a hornet for 3 turns
 12765 | D:10     | Paralysed by a hornet for 3 turns
 13001 | D:10     | Reached skill level 5 in Armour
 13054 | D:10     | Noticed an unseen horror
 13086 | D:10     | Killed an unseen horror
 13304 | D:10     | Paralysed by a hornet for 2 turns
 13565 | Lair:1   | Entered Level 1 of the Lair of Beasts
 13586 | Lair:1   | Reached skill level 6 in Armour
 13850 | Lair:1   | Reached skill level 7 in Armour
 14090 | Lair:1   | Reached XP level 12. HP: 84/101 MP: 12/12
 14151 | Lair:1   | Noticed a six-headed hydra
 14153 | Lair:1   | Noticed a six-headed hydra
 14311 | Lair:1   | Noticed a seven-headed hydra
 14367 | Lair:1   | Killed a seven-headed hydra
 14545 | Lair:1   | Reached skill level 8 in Armour
 14564 | Lair:1   | Reached *** piety under Hepliaklqana
 14821 | Lair:1   | Noticed a seven-headed hydra
 15581 | D:11     | Reached skill level 9 in Armour
 16659 | D:8      | Killed a seven-headed hydra
 16801 | Lair:2   | Reached skill level 10 in Armour
 17090 | Lair:2   | Found a staircase to the Snake Pit.
 17252 | Lair:2   | Reached skill level 5 in Dodging
 17530 | Lair:2   | Reached XP level 13. HP: 26/110 MP: 13/13
 17695 | Lair:2   | Reached skill level 11 in Armour
 17727 | Lair:2   | Got a scorched scale mail
 17728 | Lair:2   | Identified the +6 scale mail of Bufriwn {rElec Str+2} (You found it on level 2 of the Lair of Beasts)
 17805 | Lair:2   | Reached **** piety under Hepliaklqana
 18778 | Lair:3   | Reached skill level 12 in Armour
 19526 | Lair:4   | Found a frozen archway.
 19532 | IceCv    | Entered an ice cave
 20196 | IceCv    | Reached skill level 13 in Armour
 20340 | IceCv    | Noticed a frost giant
 20355 | IceCv    | Killed a frost giant
 20528 | IceCv    | Got a steaming glaive
 20529 | IceCv    | Identified the cursed +1 glaive "Faritume" {distort, Int+6} (You found it in an ice cave)
 20741 | Lair:4   | Reached XP level 14. HP: 95/119 MP: 14/14
 20922 | Lair:4   | Reached ***** piety under Hepliaklqana
 20958 | Lair:4   | Reached skill level 15 in Fighting
 21764 | Lair:4   | Found a staircase to the Swamp.
 22141 | Lair:5   | Found a viscous altar of Jiyva.
 22144 | Lair:5   | Found a staircase to the Slime Pits.
 22204 | Lair:5   | Got a fine pewter ring
 22234 | Lair:5   | Reached skill level 14 in Armour
 22803 | Lair:5   | Identified the ring of Pupuolod {Int+2 Dex+5 Stlth+} (You found it on level 5 of the Lair of Beasts)
 23073 | Lair:6   | Entered Level 6 of the Lair of Beasts
 23930 | Lair:6   | Paralysed by a hornet for 3 turns
 24849 | Lair:6   | Reached skill level 15 in Armour
 25039 | Lair:6   | Reached XP level 15. HP: 113/128 MP: 15/15
 26045 | D:12     | Found a radiant altar of Vehumet.
 26137 | D:12     | Reached ****** piety under Hepliaklqana
 26198 | D:12     | Found a staircase to the Orcish Mines.
 26960 | D:13     | Lost mutation: You are covered in fur. (AC +1) [potion of mutation]
 26960 | D:13     | Gained mutation: You are robust. (+10% HP) [potion of mutation]
 26960 | D:13     | Gained mutation: Scrolls take you a little longer to read. [potion of mutation]
 26960 | D:13     | Gained mutation: Scrolls take you longer to read. [potion of mutation]
 26960 | D:13     | Gained mutation: Your flesh is heat resistant. (rF+) [potion of mutation]
 27102 | D:13     | Lost mutation: Your flesh is heat resistant. (rF+) [potion of mutation]
 27102 | D:13     | Lost mutation: Scrolls take you longer to read. [potion of mutation]
 27102 | D:13     | Gained mutation: You are clumsy. (Dex -2) [potion of mutation]
 27102 | D:13     | Gained mutation: You are somewhat resistant to further mutation. [potion of mutation]
 27103 | D:13     | Lost mutation: You are robust. (+10% HP) [potion of mutation]
 27103 | D:13     | Lost mutation: Scrolls take you a little longer to read. [potion of mutation]
 27103 | D:13     | Lost mutation: You are somewhat resistant to further mutation. [potion of mutation]
 27103 | D:13     | Gained mutation: You are partially covered in slimy green scales. (AC +2) [potion of mutation]
 27103 | D:13     | Gained mutation: You tend to lose your temper in combat. [potion of mutation]
 27103 | D:13     | Lost mutation: You are clumsy. (Dex -2) [potion of mutation]
 27104 | D:13     | Lost mutation: You are partially covered in slimy green scales. (AC +2) [potion of mutation]
 27104 | D:13     | Lost mutation: You tend to lose your temper in combat. [potion of mutation]
 27104 | D:13     | Gained mutation: You are somewhat resistant to further mutation. [potion of mutation]
 27104 | D:13     | Gained mutation: You possess an exceptional clarity of mind. [potion of mutation]
 27226 | D:13     | Found a gate to the Vaults.
 27781 | Orc:1    | Entered Level 1 of the Orcish Mines
 28286 | Orc:2    | Entered Level 2 of the Orcish Mines
 28363 | Orc:2    | Paralysed by an orc sorcerer for 2 turns
 28368 | Orc:2    | Paralysed by an orc sorcerer for 7 turns
 28374 | Orc:2    | HP: 3/130 [orc sorcerer/bolt of negative energy (21)]
 29572 | Orc:2    | Found Ixzionk's Gadget Shoppe.
 29910 | Orc:2    | Found Cecw's Antique Weapon Shop.
 29910 | Orc:2    | Found Raxaoh's Weapon Shop.
 29911 | Orc:2    | Found Pukhleece's Assorted Antiques.
 29914 | Orc:2    | Found Urhevye's Jewellery Boutique.
 30089 | Orc:2    | Found a roughly hewn altar of Beogh.
 30164 | Orc:2    | Found a staircase to the Elven Halls.
 30377 | Orc:2    | Bought a jewelled crystal plate armour for 1870 gold pieces
 30387 | Orc:2    | Identified the +13 crystal plate armour of Inviolability {+Fly Int+2 SInv} (You bought it in a shop on level 2 of the Orcish Mines)
 30873 | D:14     | Found Xeubudio's Book Shoppe.
 31037 | D:14     | Reached XP level 16. HP: 136/136 MP: 16/16
 31055 | D:14     | Noticed Roxanne
 31147 | D:14     | Found Syqevoj's Weapon Emporium.
 31154 | D:14     | Found Sikh's Distillery.
 31159 | D:14     | Bought a potion of heal wounds for 80 gold pieces
 31164 | D:14     | Found a white marble altar of Elyvilon.
 31821 | D:14     | Found Henir's Weapon Shoppe.
 32120 | D:14     | Killed Roxanne
 32121 | D:14     | Identified Roxanne's Compendium of Stones (You took it off Roxanne on level 14 of the Dungeon)
 32452 | Snake:1  | Entered Level 1 of the Snake Pit
 33072 | Snake:1  | Reached skill level 16 in Armour
 33445 | Snake:1  | Noticed Aizul
 33470 | Snake:1  | Killed Aizul
 33903 | Snake:1  | Reached skill level 10 in Dodging
 36129 | Snake:2  | Noticed a nagaraja
 36131 | Snake:2  | Reached XP level 17. HP: 144/145 MP: 17/17
 36572 | Snake:2  | Reached skill level 17 in Armour
 36802 | Snake:2  | Found Wonoad's Book Shop.
 38121 | Snake:3  | Found Keruad's Antique Weapon Shop.
 38827 | Snake:3  | Reached skill level 18 in Armour
 39555 | Snake:4  | Entered Level 4 of the Snake Pit
 40580 | Snake:4  | Reached XP level 18. HP: 115/155 MP: 18/18
 41698 | Snake:4  | Found Ebarch's Gadget Boutique.
 42574 | Snake:4  | Reached skill level 19 in Armour
 43571 | Snake:4  | Got a serpentine rune of Zot
 43978 | Snake:4  | Got a translucent scale mail
 43979 | Snake:4  | Identified the cursed +0 scale mail of the Castellan {Regen+ Int+3 Slay+2 SInv} (You found it on level 4 of the Snake Pit)
 44393 | D:15     | Entered Level 15 of the Dungeon
 44504 | D:15     | Found a deep blue altar of Sif Muna.
 44512 | D:15     | Found a blossoming altar of Fedhas.
 44554 | D:15     | Found an iron altar of Okawaru.
 44686 | D:15     | Found a staircase to the Depths.
 45393 | D:15     | Identified the Tome of Heat
 45428 | D:15     | Identified the amulet "Arphe" {Harm *Drain rC+} (You found it on level 15 of the Dungeon)
 45501 | D:15     | Reached XP level 19. HP: 164/164 MP: 19/19
 45556 | D:15     | Reached skill level 20 in Armour
 46076 | Elf:1    | Entered Level 1 of the Elven Halls
 46161 | Elf:1    | Found a flickering gateway to a bazaar.
 46228 | Elf:1    | Found Nidar's Assorted Antiques.
 46250 | Elf:1    | Found Omack's General Store.
 46420 | Elf:1    | Found Fudeeq's Food Shoppe.
 46468 | Elf:1    | Found Dusywn's Food Boutique.
 46595 | Bazaar   | Entered a bazaar
 46595 | Bazaar   | Found Cinemuipn's Magic Scroll Boutique.
 46595 | Bazaar   | Found Gyrutim's Jewellery Boutique.
 46624 | Bazaar   | Found Lit Ong's Antique Armour Shop.
 46632 | Bazaar   | Found Gucsop's Antique Weapon Shop.
 46640 | Bazaar   | Bought a twisted battleaxe for 184 gold pieces
 46640 | Bazaar   | Identified the cursed +3 battleaxe of Overwhelming Force {freeze, MR+} (You bought it in a shop in a bazaar)
 46644 | Bazaar   | Found Hajifurr's General Store.
 46667 | Bazaar   | Bought an uncursed amulet of regeneration for 390 gold pieces
 46667 | Bazaar   | Bought an uncursed ring of poison resistance for 260 gold pieces
 46679 | Bazaar   | Bought a scroll of enchant weapon for 75 gold pieces
 46679 | Bazaar   | Bought a scroll of teleportation for 30 gold pieces
 46679 | Bazaar   | Bought a scroll of teleportation for 30 gold pieces
 46679 | Bazaar   | Bought 2 scrolls of identify for 40 gold pieces
 47299 | Swamp:1  | Entered Level 1 of the Swamp
 47344 | Swamp:1  | Noticed Louise
 47354 | Swamp:1  | Killed Louise
 49111 | Swamp:3  | Noticed Bai Suzhen
 49133 | Swamp:3  | Killed Bai Suzhen
 49656 | Swamp:4  | Entered Level 4 of the Swamp
 49726 | Swamp:4  | Reached skill level 21 in Armour
 49886 | Swamp:4  | Noticed a tentacled monstrosity
 50122 | Swamp:4  | Reached XP level 20. HP: 164/173 MP: 20/20
 50384 | Swamp:4  | Got a decaying rune of Zot
 51260 | Vaults:1 | Entered Level 1 of the Vaults
 51482 | Vaults:1 | Found Xetrycs's Assorted Antiques.
 51814 | Vaults:1 | Noticed Asterion
 51824 | Vaults:1 | Killed Asterion
 52282 | Vaults:1 | Reached skill level 22 in Armour
 52468 | Vaults:1 | Noticed Jorgrun
 52483 | Vaults:1 | Killed Jorgrun
 52761 | Vaults:1 | Found Roirism's Antique Armour Boutique.
 52908 | Vaults:2 | Found a staircase to the Crypt.
 52908 | Vaults:2 | Found an ancient bone altar of Kikubaaqudgha.
 52909 | Vaults:2 | Found a basalt altar of Yredelemnul.
 53097 | Vaults:2 | Noticed Mennas
 53159 | Vaults:2 | Killed Mennas
 53280 | Vaults:2 | Reached XP level 21. HP: 183/183 MP: 21/21
 53589 | Vaults:2 | Noticed Mara
 53601 | Vaults:2 | Noticed Kriby's illusion
 53611 | Vaults:2 | Killed Mara
 54340 | Vaults:3 | Reached skill level 23 in Armour
 54839 | Vaults:3 | Found a portal to a secret trove of treasure.
 56401 | Vaults:4 | Reached XP level 22. HP: 168/193 MP: 22/22
 56829 | Vaults:4 | Reached skill level 24 in Armour
 57124 | Vaults:4 | Reached skill level 15 in Dodging
 57896 | Vaults:5 | Entered Level 5 of the Vaults
 58359 | Vaults:5 | Paralysed by a floating eye for 4 turns
 58362 | Vaults:5 | Noticed a golden dragon
 58662 | Vaults:5 | Noticed an ancient lich
 58814 | Vaults:4 | Reached XP level 23. HP: 133/202 MP: 23/23
 58997 | Vaults:5 | Noticed a golden dragon
 59010 | Vaults:5 | Killed a golden dragon
 59010 | Vaults:5 | Reached skill level 25 in Armour
 59014 | Vaults:5 | Killed a golden dragon
 59016 | Vaults:5 | Killed an ancient lich
 59328 | Vaults:5 | Noticed an ancient lich
 59698 | Vaults:5 | Identified the Volume of Earthen Heat
 60054 | Vaults:5 | Identified the cursed +3 morningstar of the Fox {distort, rF+ MP+9 Dex+5} (You took it off a yaktaur on level 5 of the Vaults)
 60390 | Vaults:5 | Got a silver rune of Zot
 60485 | Vaults:5 | Killed an ancient lich
 60611 | Vaults:5 | Reached XP level 24. HP: 212/212 MP: 23/23
 61108 | Vaults:5 | Noticed a caustic shrike
 61110 | Vaults:5 | a caustic shrike changed into an acid blob
 61113 | Vaults:5 | Noticed a shard shrike
 61113 | Vaults:5 | a titan changed into a shard shrike
 61119 | Vaults:5 | a shard shrike changed into a titan
 61127 | Vaults:5 | Reached skill level 26 in Armour
 61317 | Vaults:5 | Identified the +5 quick blade of the Absolute Madman {antimagic, rN+ Str+7} (You took it off a vault warden on level 5 of the Vaults)
 61607 | Vaults:1 | Bought a scroll of enchant armour for 270 gold pieces
 61607 | Vaults:1 | Bought a scroll of magic mapping for 126 gold pieces
 61801 | Elf:1    | Bought a scroll of enchant weapon for 172 gold pieces
 62026 | D:4      | Bought a scroll of enchant weapon for 90 gold pieces
 62026 | D:4      | Bought a scroll of teleportation for 36 gold pieces
 62029 | D:4      | Bought a potion of curing for 39 gold pieces
 62029 | D:4      | Bought a potion of might for 52 gold pieces
 62029 | D:4      | Bought a potion of haste for 130 gold pieces
 62029 | D:4      | Bought a potion of haste for 130 gold pieces
 62029 | D:4      | Bought a potion of haste for 130 gold pieces
 62029 | D:4      | Bought a potion of mutation for 104 gold pieces
 62037 | D:4      | Bought a scroll of teleportation for 84 gold pieces
 62037 | D:4      | Bought a potion of curing for 84 gold pieces
 62037 | D:4      | Bought a potion of heal wounds for 140 gold pieces
 62366 | Depths:1 | Entered Level 1 of the Depths
 62531 | Depths:1 | Identified the +2 trident of Circularity {venom, rN++ Str+4} (You found it on level 1 of the Depths)
 62539 | Depths:1 | Identified the amulet "Vusmubif" {Gourm Fragile +Fly Str+10 Slay+6} (You found it on level 1 of the Depths)
 62795 | Depths:1 | Found a gateway to Hell.
 63350 | Depths:1 | Found a one-way gate to the infinite horrors of the Abyss.
 63389 | Depths:1 | Cast into level 4 of the Abyss (a Zot trap)
 63585 | Depths:1 | Escaped the Abyss
 64073 | Depths:1 | Voluntarily entered the Abyss.
 64233 | Abyss:1  | Gained mutation: You are frail. (-10% HP) [a neqoxec]
 65406 | Abyss:3  | Found an ancient bone altar of Kikubaaqudgha.
 65754 | Abyss:3  | Reached skill level 27 in Armour
 65754 | Abyss:3  | Reached XP level 25. HP: 47/196 MP: 23/23
 65861 | Abyss:3  | Gained mutation: Armour fits poorly on your strangely shaped body. [a cacodemon]
 65862 | Abyss:3  | Gained mutation: You are weak. (Str -2) [a cacodemon]
 65890 | Abyss:3  | Paralysed by accursed screaming for 1 turns
 65890 | Abyss:3  | HP: 8/196 [snapping turtle skeleton (9)]
 65891 | Abyss:3  | Killed from afar by a starcursed mass

Skill      XL: |  1  2  3  4  5  6  7  8  9 10 11 12 13 14 15 16 17 18 19 20 21 22 23 24 25 |
---------------+----------------------------------------------------------------------------+-----
Axes           | 3 4 5 7 8 11 13 16 17 19 20 | 20.0
Fighting       | 4 5 6 8 10 11 12 13 14 15 16 17 18 19 20 21 22 23 24 | 24.3
Armour         | 4 7 10 13 15 16 18 19 21 22 23 24 25 27 | 27.0
Shields        | 4 |  4.1
Dodging        | 2 5 6 8 9 10 11 12 13 14 15 16 17 | 17.2

Action                   |  1- 3 |  4- 6 |  7- 9 | 10-12 | 13-15 | 16-18 | 19-21 | 22-24 | 25-27 || total
-------------------------+-------+-------+-------+-------+-------+-------+-------+-------+-------++-------
Melee: War axe           |   151 |   130 |   369 |   533 |   235 |       |       |       |       ||  1418
       Morningstar       |       |       |       |    90 |    24 |       |       |       |       ||   114
       Battleaxe         |       |       |       |       |   800 |  1403 |  1440 |  1268 |    45 ||  4956
       Great mace        |       |       |       |       |    40 |     7 |    52 |       |       ||    99
Invok: Ancestor Identity |       |       |     1 |       |       |       |       |       |       ||     1
       Recall Ancestor   |       |       |       |     3 |     2 |     1 |     1 |     2 |       ||     9
       Ancestor Life: He |       |       |       |     1 |       |       |       |       |       ||     1
 Abil: Evoke Flight      |       |       |       |       |       |       |     3 |       |       ||     3
Evoke: Wand              |       |       |     1 |    13 |     7 |     2 |       |     1 |       ||    24
  Use: Potion            |       |     1 |     2 |     7 |    15 |    10 |     2 |    11 |     1 ||    49
       Scroll            |       |       |     2 |    21 |    13 |     8 |     7 |    18 |     1 ||    70
 Stab: Confused          |       |       |       |     6 |     9 |    13 |    36 |    44 |       ||   108
       Distracted        |       |       |       |     2 |    16 |    28 |     9 |     9 |       ||    64
       Paralysed         |       |       |       |       |    20 |    23 |    39 |    26 |       ||   108
       Invisible         |       |       |       |       |       |       |       |     5 |       ||     5
  Eat: Chunk             |     3 |     7 |    16 |    42 |    48 |    42 |    24 |    33 |       ||   215
       Royal jelly       |       |       |     2 |     1 |       |       |       |       |       ||     3
       Bread ration      |       |       |       |       |       |     1 |     1 |     1 |       ||     3
       Fruit             |       |       |       |       |       |     1 |       |     9 |       ||    10
Armor: Scale mail        |    76 |    84 |   120 |    44 |   503 |       |       |       |       ||   827
       Skin              |       |       |       |     2 |       |       |       |       |       ||     2
       Troll leather arm |       |       |       |   175 |     1 |       |       |       |       ||   176
       Crystal plate arm |       |       |       |       |    64 |   898 |  1202 |   922 |    41 ||  3127
Dodge: Dodged            |    58 |    59 |    87 |   207 |   678 |   560 |   722 |   658 |    18 ||  3047
Block: Shield            |    83 |    81 |   148 |   299 |   136 |       |       |       |       ||   747
